 Dungeon Crawl Stone Soup version 0.22.1-2-g9c5b331383 (webtiles) character file.

7219 Knicklaso the Thaumaturge (level 11, -7/81 HPs)
             Began as a Gnoll Wizard on Nov 26, 2018.
             Was a Follower of Ashenzari.
             Mangled by a gargoyle
             ... wielding a +0 flail
              (10 damage)
             ... on level 10 of the Dungeon.
             The game lasted 00:33:23 (10981 turns).

Knicklaso the Thaumaturge (Gnoll Wizard)           Turns: 10981, Time: 00:33:24

Health: -7/81      AC: 14    Str: 10    XL:     11   Next: 11%
Magic:  21/21      EV: 14    Int: 25    God:    Ashenzari [*.....]
Gold:   484        SH:  0    Dex: 14    Spells: 17/28 levels left

rFire    . . .     SeeInvis .   w - +2 whip (elec)
rCold    + . .     Gourm    +   (no shield)
rNeg     . . .     Faith    .   t - +3 ring mail {rC+}
rPois    .         Spirit   .   k - +0 helmet
rElec    .         Reflect  .   u - +0 cloak
rCorr    .         Harm     .   e - +1 pair of gloves
MR       .....                  (no boots)
Stlth    +++.......             v - amulet of the gourmand
HPRegen  0.23/turn              s - ring of wizardry
MPRegen  0.17/turn              g - +2 ring of intelligence

@: no status effects
A: distributed training, fangs 1, low mp 1, mutation resistance 1, subdued magic
1, strong nose
a: Curse Item, Scrying, Renounce Religion


You were on level 10 of the Dungeon.
You worshipped Ashenzari.
Ashenzari was aware of your devotion.
You were completely stuffed.

You visited 2 branches of the dungeon, and saw 11 of its levels.

You collected 484 gold pieces.

Inventory:

Hand Weapons
 w - a +2 whip of electrocution (weapon)
 H - a +1 antimagic spear
Armour
 e - a +1 pair of gloves (worn)
 k - a +0 helmet (worn)
 t - a +3 ring mail of cold resistance (worn)
 u - a +0 cloak (worn)
Jewellery
 a - an uncursed ring of flight
 g - a +2 ring of intelligence (right hand)
 s - a ring of wizardry (left hand)
 v - an amulet of the gourmand (around neck)
 G - an uncursed ring of positive energy
Wands
 r - a wand of clouds (3)
 I - a wand of flame (21)
Scrolls
 c - 2 scrolls of amnesia {unknown}
 h - a scroll of noise {unknown}
 i - 4 scrolls of identify
 o - a scroll of summoning {unknown}
 y - a scroll of magic mapping {unknown}
 z - 2 scrolls of teleportation
 A - 3 scrolls of blinking {unknown}
 C - a scroll of fear {unknown}
 D - a scroll of enchant armour {unknown}
 E - 5 scrolls of remove curse
 F - a scroll of fog {unknown}
Potions
 b - a potion of berserk rage {unknown}
 f - 2 potions of magic {unknown}
 j - a potion of haste
 l - a potion of curing
 m - 3 potions of mutation
 n - a potion of might {unknown}
 p - a potion of heal wounds {unknown}
 q - a potion of lignification {unknown}
 x - 2 potions of flight {unknown}
 B - 3 potions of agility {unknown}
Comestibles
 d - 17 rations
 J - a chunk of flesh


   Skills:
 + Level 5.9 Fighting
 + Level 5.9 Short Blades
 + Level 5.9 Long Blades
 + Level 5.9 Axes
 + Level 5.9 Maces & Flails
 + Level 5.9 Polearms
 + Level 5.9 Staves
 + Level 5.9 Slings
 + Level 5.9 Bows
 + Level 5.9 Crossbows
 + Level 5.9 Throwing
 + Level 5.9 Armour
 + Level 7.5 Dodging
 + Level 7.3 Stealth
 + Level 5.9 Shields
 + Level 5.9 Unarmed Combat
 + Level 9.3 Spellcasting
 + Level 5.3 Conjurations
 + Level 4.8 Hexes
 + Level 4.8 Charms
 + Level 5.3 Summonings
 + Level 4.8 Necromancy
 + Level 5.3 Translocations
 + Level 4.8 Transmutations
 + Level 4.8 Fire Magic
 + Level 4.8 Ice Magic
 + Level 4.8 Air Magic
 + Level 4.8 Earth Magic
 + Level 4.8 Poison Magic
 + Level 6.4 Invocations
 + Level 5.9 Evocations


You had 17 spell levels left.
You knew the following spells:

 Your Spells              Type           Power        Failure   Level  Hunger
a - Magic Dart            Conj           ####         1%          1    None
b - Mephitic Cloud        Conj/Pois/Air  ####....     1%          3    None
c - Conjure Flame         Conj/Fire      ####....     1%          3    None
d - Call Imp              Summ           ####....     1%          2    None
h - Blink                 Tloc           N/A          1%          2    None

Your spell library contained the following spells:

 Spells                   Type           Power        Failure   Level  Hunger
 Summon Small Mammal      Summ           ####         1%          1    None
 Slow                     Hex            ####....     1%          2    None
 Call Canine Familiar     Summ           ####....     1%          3    None
 Summon Guardian Golem    Hex/Summ       ####....     1%          3    None
 Summon Ice Beast         Ice/Summ       ####....     4%          4    #......
 Summon Lightning Spire   Summ/Air       ####....     4%          4    #......


Dungeon Overview and Level Annotations

Branches:
Dungeon (10/15)            Temple (1/1) D:7            Lair (0/6) D:8
    Orc: D:9-12

Altars:
Ashenzari
Cheibriados
Dithmenos
Elyvilon
Fedhas
Gozag
Hepliaklqana
Kikubaaqudgha
Makhleb
Nemelex Xobeh
Okawaru
Qazlal
Ru
Sif Muna
Trog
Uskayaw
Vehumet
Wu Jian
Xom
Yredelemnul
Zin
The Shining One

Shops:
D:5 }


Innate Abilities, Weirdness & Mutations

Your experience applies equally to all skills.
You have very sharp teeth.
Your uncanny sense of smell can sniff out nearby items.
Your magical capacity is low. (-10% MP)
You are somewhat resistant to further mutation.
Your spells are a little easier to cast, but a little less powerful.


Message History

You hit the gargoyle but do no damage.
You bite the gargoyle, but do no damage.
The gargoyle is severely damaged.
You hit the gargoyle but do no damage.
The gargoyle is severely damaged.
The gargoyle hurls a stone arrow at you.
The stone arrow hits you!
* * * LOW HITPOINT WARNING * * *
You barely miss the gargoyle.
The gargoyle is severely damaged.
The gargoyle hits you but does no damage.
You feel better.
The gargoyle hurls a stone arrow at you.
The stone arrow hits you!
* * * LOW HITPOINT WARNING * * *
It was a potion of mutation.
You feel extremely strange.
Your connection to magic feels subdued.
You feel less energetic.
You feel genetically stable. The gargoyle hits you with a flail!
You die...

#.# #.# #.#
#.# #.# #.#
#.# ... #9#
#.#..# #@#
#.#..#... #.#
#.#..#..# #.#
#.#..#..# #.#
.###.#..#..###
#.#
.....#.....#..
#.#
.#..<#.#...#.#
#.#
...........#.#
#.#
.#.###.....#.#
#.#


You could see a gargoyle.

Vanquished Creatures
  2 two-headed ogres
  An unseen horror (D:10)
  Pikel (D:3)
  A troll (D:9)
  A human (D:7)
  Grum (D:8)
  A hungry ghost (D:8)
  4 hogs (D:7)
  3 wargs (D:8)
  3 ice beasts
  3 orc warriors
  A slave (D:3)
  A sky beast (D:6)
  3 eyes of draining
  7 ogres
  3 wolves (D:8)
  A centaur (D:7)
  A bullfrog (D:8)
  3 scorpions
  8 killer bees (D:9)
  3 wights (D:7)
  2 howler monkeys
  A bullfrog zombie (D:6)
  3 crimson imps
  A jelly (D:7)
  A quasit (D:9)
  2 bullfrog skeletons
  Crazy Yiuf (D:4)
  7 orc priests
  3 hounds
  9 orc wizards
  Ijyb (D:3)
  2 iguanas
  4 worker ants
  A worker ant zombie (D:6)
  6 gnolls
  11 adders
  2 shadow imps
  2 adder skeletons
  2 dart slugs
  3 leopard geckos
  25 orcs
  2 ball pythons
  2 giant cockroaches
  10 goblins
  8 hobgoblins
  2 jackals (D:2)
  5 kobolds
  5 quokkas
  5 bats
  5 frilled lizards
  A leopard gecko zombie (D:7)
  5 rats
191 creatures vanquished.

Vanquished Creatures (collateral kills)
  An orc warrior (D:6)
  An ogre (D:4)
  A wyvern zombie (D:10)
  A bullfrog skeleton (D:9)
  3 gnolls
  3 adders
  A worm (D:2)
  8 orcs
  4 giant cockroaches
  A hobgoblin (D:1)
24 creatures vanquished.

Vanquished Creatures (others)
  An orc (D:4)
1 creature vanquished.

Grand Total: 216 creatures vanquished

Notes
Turn   | Place    | Note
-------+----------+-------------------------------------------
     0 | D:1      | Knicklaso the Gnoll Wizard began the quest for the Orb.
     0 | D:1      | Reached XP level 1. HP: 13/13 MP: 8/8
   354 | D:1      | Reached XP level 2. HP: 19/19 MP: 7/10
   467 | D:1      | Learned a level 2 spell: Call Imp
   470 | D:1      | Learned a level 2 spell: Blink
   665 | D:1      | Reached XP level 3. HP: 25/25 MP: 8/11
   670 | D:1      | Learned a level 3 spell: Mephitic Cloud
   674 | D:1      | Learned a level 3 spell: Conjure Flame
  1216 | D:2      | Reached skill level 1 in Invocations
  1508 | D:2      | Reached skill level 1 in Fighting
  1508 | D:2      | Reached skill level 1 in Short Blades
  1508 | D:2      | Reached skill level 1 in Long Blades
  1508 | D:2      | Reached skill level 1 in Axes
  1508 | D:2      | Reached skill level 1 in Maces & Flails
  1508 | D:2      | Reached skill level 1 in Polearms
  1508 | D:2      | Reached skill level 1 in Staves
  1508 | D:2      | Reached skill level 1 in Slings
  1508 | D:2      | Reached skill level 1 in Bows
  1508 | D:2      | Reached skill level 1 in Crossbows
  1508 | D:2      | Reached skill level 1 in Throwing
  1508 | D:2      | Reached skill level 1 in Armour
  1508 | D:2      | Reached skill level 1 in Shields
  1508 | D:2      | Reached skill level 1 in Unarmed Combat
  1508 | D:2      | Reached skill level 1 in Evocations
  1508 | D:2      | Reached XP level 4. HP: 32/32 MP: 8/13
  1843 | D:3      | Noticed Ijyb
  1886 | D:3      | Killed Ijyb
  2332 | D:3      | Reached skill level 1 in Hexes
  2332 | D:3      | Reached skill level 1 in Charms
  2332 | D:3      | Reached skill level 1 in Necromancy
  2332 | D:3      | Reached skill level 1 in Transmutations
  2332 | D:3      | Reached skill level 1 in Fire Magic
  2332 | D:3      | Reached skill level 1 in Ice Magic
  2332 | D:3      | Reached skill level 1 in Air Magic
  2332 | D:3      | Reached skill level 1 in Earth Magic
  2332 | D:3      | Reached skill level 1 in Poison Magic
  2439 | D:3      | Reached XP level 5. HP: 5/37 MP: 9/14
  3056 | D:4      | Noticed Pikel
  3056 | D:4      | Noticed a slave
  3056 | D:4      | Noticed a slave
  3056 | D:4      | Noticed a slave
  3056 | D:4      | Noticed a slave
  3078 | D:3      | Killed a slave
  3367 | D:3      | Killed Pikel
  3367 | D:3      | Reached skill level 5 in Dodging
  3367 | D:3      | Reached XP level 6. HP: 21/44 MP: 2/16
  3624 | D:4      | Reached XP level 7. HP: 50/50 MP: 6/18
  4247 | D:4      | Found a runed door.
  4620 | D:4      | Noticed Crazy Yiuf
  4626 | D:4      | Killed Crazy Yiuf
  4787 | D:5      | Entered Level 5 of the Dungeon
  4863 | D:5      | Found Ned Wueb's Gadget Boutique.
  5003 | D:5      | Reached skill level 5 in Stealth
  5470 | D:6      | Reached XP level 8. HP: 57/57 MP: 8/19
  5754 | D:6      | Found a glowing golden altar of the Shining One.
  5854 | D:6      | Reached skill level 8 in Spellcasting
  6283 | D:6      | Reached XP level 9. HP: 30/65 MP: 2/21
  6689 | D:7      | Found a bloodstained altar of Trog.
  7107 | D:7      | Found a staircase to the Ecumenical Temple.
  7113 | Temple   | Entered the Ecumenical Temple
  7248 | Temple   | Became a worshipper of Ashenzari the Shackled
  7679 | D:8      | Reached skill level 5 in Invocations
  7792 | D:8      | Found a staircase to the Lair.
  7813 | D:8      | Reached XP level 10. HP: 62/73 MP: 16/22
  8373 | D:8      | Noticed Grum
  8400 | D:8      | Reached skill level 5 in Fighting
  8400 | D:8      | Reached skill level 5 in Short Blades
  8400 | D:8      | Reached skill level 5 in Long Blades
  8400 | D:8      | Reached skill level 5 in Axes
  8400 | D:8      | Reached skill level 5 in Maces & Flails
  8400 | D:8      | Reached skill level 5 in Polearms
  8400 | D:8      | Reached skill level 5 in Staves
  8400 | D:8      | Reached skill level 5 in Slings
  8400 | D:8      | Reached skill level 5 in Bows
  8400 | D:8      | Reached skill level 5 in Crossbows
  8400 | D:8      | Reached skill level 5 in Throwing
  8400 | D:8      | Reached skill level 5 in Armour
  8400 | D:8      | Reached skill level 5 in Shields
  8400 | D:8      | Reached skill level 5 in Unarmed Combat
  8400 | D:8      | Reached skill level 5 in Evocations
  8639 | D:8      | Killed Grum
  8984 | D:9      | Noticed a two-headed ogre
  9073 | D:8      | Killed a two-headed ogre
  9073 | D:8      | Reached skill level 9 in Spellcasting
  9338 | D:9      | Reached skill level 5 in Conjurations
  9338 | D:9      | Reached skill level 5 in Summonings
  9338 | D:9      | Reached skill level 5 in Translocations
 10531 | D:9      | Found a hazy altar of Hepliaklqana.
 10531 | D:9      | Found a glowing silver altar of Zin.
 10536 | D:9      | Found an opulent altar of Gozag.
 10538 | D:9      | Found a basalt altar of Yredelemnul.
 10539 | D:9      | Found a burning altar of Makhleb.
 10598 | D:10     | Entered Level 10 of the Dungeon
 10606 | D:10     | Noticed a two-headed ogre
 10612 | D:10     | Killed a two-headed ogre
 10612 | D:10     | Reached XP level 11. HP: 79/81 MP: 15/24
 10676 | D:10     | Killed an unseen horror
 10942 | D:10     | Reached * piety under Ashenzari
 10980 | D:10     | HP: 3/81 [gargoyle/stone arrow (11)]
 10981 | D:10     | Gained mutation: Your spells are a little easier to cast,
                  | but a little less powerful. [potion of mutation]
 10981 | D:10     | Gained mutation: Your magical capacity is low. (-10% MP)
                  | [potion of mutation]
 10981 | D:10     | Gained mutation: You are somewhat resistant to further
                  | mutation. [potion of mutation]
 10981 | D:10     | Mangled by a gargoyle

Skill      XL: |  1  2  3  4  5  6  7  8  9 10 |
---------------+-------------------------------+-----
Conjurations   | 2 3 4 5 |  5.3
Summonings     | 2 3 4 5 |  5.3
Translocations | 2 3 4 5 |  5.3
Invocations    | 1 2 3 4 5 6 |  6.4
Fighting       | 1 2 3 4 5 |  5.9
Short Blades   | 1 2 3 4 5 |  5.9
Long Blades    | 1 2 3 4 5 |  5.9
Axes           | 1 2 3 4 5 |  5.9
Maces & Flails | 1 2 3 4 5 |  5.9
Polearms       | 1 2 3 4 5 |  5.9
Staves         | 1 2 3 4 5 |  5.9
Slings         | 1 2 3 4 5 |  5.9
Bows           | 1 2 3 4 5 |  5.9
Crossbows      | 1 2 3 4 5 |  5.9
Throwing       | 1 2 3 4 5 |  5.9
Armour         | 1 2 3 4 5 |  5.9
Shields        | 1 2 3 4 5 |  5.9
Unarmed Combat | 1 2 3 4 5 |  5.9
Evocations     | 1 2 3 4 5 |  5.9
Hexes          | 1 2 3 4 |  4.8
Charms         | 1 2 3 4 |  4.8
Necromancy     | 1 2 3 4 |  4.8
Transmutations | 1 2 3 4 |  4.8
Fire Magic     | 1 2 3 4 |  4.8
Ice Magic      | 1 2 3 4 |  4.8
Air Magic      | 1 2 3 4 |  4.8
Earth Magic    | 1 2 3 4 |  4.8
Poison Magic   | 1 2 3 4 |  4.8
Dodging        | 5 6 7 |  7.5
Stealth        | 5 6 7 |  7.3
Spellcasting   | 8 9 |  9.3

Action                   |  1- 3 |  4- 6 |  7- 9 | 10-12 || total
-------------------------+-------+-------+-------+-------++-------
Melee: Dagger            |     6 |       |       |       ||     6
       Spear             |    33 |    66 |       |       ||    99
       Bite              |     1 |     4 |    17 |    27 ||    49
       Whip              |       |     6 |   200 |   208 ||   414
       Punch             |       |       |     3 |     8 ||    11
 Cast: Magic Dart        |    59 |    50 |   137 |    78 ||   324
       Call Imp          |     5 |    17 |    34 |    10 ||    66
       Mephitic Cloud    |       |     4 |    19 |    18 ||    41
       Blink             |       |     1 |     2 |     5 ||     8
       Conjure Flame     |       |       |     9 |    12 ||    21
  Use: Scroll            |       |     4 |     1 |       ||     5
       Potion            |       |       |       |     2 ||     2
 Stab: Sleeping          |     2 |     1 |     2 |     1 ||     6
       Distracted        |       |     2 |     1 |       ||     3
       Confused          |       |     1 |     9 |     5 ||    15
  Eat: Chunk             |     2 |     5 |    20 |    13 ||    40
Armor: Leather armour    |     1 |       |       |       ||     1
       Robe              |     1 |    14 |       |       ||    15
       Ring mail         |       |       |    58 |    64 ||   122
Dodge: Dodged            |    22 |    44 |    98 |   119 ||   283
